 Dungeon Crawl Stone Soup version 0.32-a0-818-gb728d0252e (webtiles) character file.

Game seed: 5897316936459167920

1210 smashvw the Magician (level 8, -12/67 HPs)
             Began as a Purple Draconian Air Elementalist on Mar 23, 2024.
             Was an Initiate of Vehumet.
             Shot with a sling bullet by Joseph (17 damage)
             ... on level 7 of the Dungeon.
             The game lasted 00:16:27 (6141 turns).

smashvw the Magician (DrAE)                         Turns: 6141, Time: 00:16:27

Health: -12/67     AC: 10    Str: 13    XL:     8   Next: 22%
Magic:  10/17      EV: 26    Int: 17    God:    Vehumet [......]
Gold:   175        SH:  0    Dex: 14    Spells: 16/19 levels left

rFire   + . .        i - +9 short sword of Iptocro {flame, rF+ Str+2 Dex+2}
rCold   . . .        (no shield)
rNeg    . . .        (body armour unavailable)
rPois   .            (helmet restricted)
rElec   .            o - +2 cloak
rCorr   .            l - +0 pair of gloves
SInv    .            (no boots)
Will    ++...        u - amulet of the acrobat
Stlth   ++           q - ring of willpower
HPRegen 0.00/turn    r - ring of flight
MPRegen 0.15/turn

%: acrobat
@: acrobatic, flying, inhibited regen, hasted, very quick
A: nullifying breath, AC +6, unfitting armour, cold-blooded, inhibited
regeneration
a: Nullifying Breath, Renounce Religion


You were on level 7 of the Dungeon.
You worshipped Vehumet.
Vehumet was noncommittal.
You visited 2 branches of the dungeon, and saw 8 of its levels.

You collected 270 gold pieces.
You spent 95 gold pieces at shops.

Inventory:

Hand Weapons
 c - a +2 dagger of venom
 i - the +9 short sword of Iptocro (weapon) {flame, rF+ Str+2 Dex+2}
   (You found it on level 6 of the Dungeon)

   Str+2:     It affects your strength (+2).
   Dex+2:     It affects your dexterity (+2).
   rF+:       It protects you from fire.
Armour
 l - a +0 pair of gloves (worn)
 o - a +2 cloak (worn)
Jewellery
 q - a ring of willpower (left hand)
 r - a ring of flight (right hand)
 u - an amulet of the acrobat (around neck)
Wands
 k - a wand of polymorph (7)
 n - a wand of warping (14)
 t - a wand of flame (35)
 v - a wand of light (5)
Scrolls
 b - 2 scrolls of noise
 d - a scroll of enchant armour
 f - 4 scrolls of teleportation
 g - a scroll of blinking
 j - a scroll of vulnerability
 m - a scroll of fog {unknown}
 s - a scroll of immolation
Potions
 a - 4 potions of magic
 e - a potion of haste
 h - a potion of enlightenment
 p - a potion of might {unknown}


   Skills:
 + Level 4.9 Fighting
 - Level 1.7 Dodging
 - Level 1.7 Stealth
 - Level 2.5 Unarmed Combat
 + Level 6.0 Spellcasting
 - Level 1.0 Conjurations
 + Level 2.7 Hexes
 + Level 5.8 Air Magic
 + Level 2.7 Evocations


You had 16 spell levels left.
You knew the following spells:

 Your Spells              Type           Power      Damage    Failure   Level
a - Shock                 Conj/Air       64%        1d7       3%          1
b - Static Discharge      Conj/Air       32%        3-5/arc   4%          2

Your spell library contained the following spells:

 Spells                   Type           Power      Damage    Failure   Level
 Swiftness                Air            25%        N/A       3%          3
 Jinxbite                 Hex            28%        N/A       6%          2
 Sigil of Binding         Hex            14%        N/A       12%         3
 Airstrike                Air            12%        2d(2-18)  12%         4
 Apportation              Tloc           10%        N/A       13%         1
 Summon Small Mammal      Summ           20%        N/A       13%         1
 Call Canine Familiar     Summ           5%         N/A       36%         3
 Dimensional Bullseye     Hex/Tloc       4%         N/A       58%         4
 Summon Blazeheart Golem  Fire/Summ      5%         N/A       77%         4
 Alistair's Intoxication  Alch           3%         N/A       98%         5


Dungeon Overview and Level Annotations

Branches:
Dungeon (7/15)             Temple (1/1) D:4

Altars:
Ashenzari
Cheibriados
Dithmenos
Elyvilon
Fedhas
Gozag
Hepliaklqana
Kikubaaqudgha
Makhleb
Nemelex Xobeh
Qazlal
Ru
Sif Muna
Trog
Uskayaw
Vehumet
Wu Jian
Xom
Yredelemnul
Zin
The Shining One

Shops:
D:2 :   D:5 ?

Annotations:
D:4 2 transporters, inkslinger's ghost, amateur MDFi
D:7 Joseph


Innate Abilities, Weirdness & Mutations

You can breathe blasts of antimagic.
Your rich purple scales are hard. (AC +6)
You cannot fit into any form of body armour.
You are cold-blooded and may be slowed by cold attacks.
You do not regenerate when monsters are visible.


Message History

You are struck by an arc of lightning.
The lightning grounds out.
Joseph unwields a +0 antimagic sling.
Joseph wields a +0 quarterstaff.
Joseph hits you with a +0 quarterstaff!
Casting: Static Discharge (safe; 4% risk of failure)
Confirm with . or Enter, or press ? or * to list all spells.
Joseph is struck by an arc of lightning.
Joseph is lightly wounded.
You are struck by an arc of lightning.
Joseph is struck by an arc of lightning.
Joseph is moderately wounded.
The lightning grounds out.
Joseph hits you with a +0 quarterstaff.
Casting: Static Discharge (safe; 4% risk of failure)
Confirm with . or Enter, or press ? or * to list all spells.
Joseph is struck by an arc of lightning.
You are struck by an arc of lightning.
Joseph is struck by an arc of lightning.
Joseph is moderately wounded.
The lightning grounds out.
Joseph hits you with a +0 quarterstaff.
Casting: Static Discharge (safe; 4% risk of failure)
Confirm with . or Enter, or press ? or * to list all spells.
Joseph is struck by an arc of lightning.
Joseph is heavily wounded.
You are struck by an arc of lightning.
The lightning grounds out.
Joseph hits you with a +0 quarterstaff!
You puncture Joseph! You burn Joseph.
Joseph is heavily wounded.
Joseph hits you with a +0 quarterstaff!
* * * LOW HITPOINT WARNING * * *
You are too injured to fight recklessly!
Okay, then.
Okay, then.
You feel yourself speed up. Joseph hits you with a +0 quarterstaff!
* * * LOW HITPOINT WARNING * * *
Joseph unwields a +0 quarterstaff.
Joseph wields a +0 antimagic sling.
Joseph shoots a sling bullet.
The sling bullet closely misses you.
Blink to where?
Press: ? - help, Dir - move target
As you read the scroll of blinking, it crumbles to dust.
Joseph shoots a sling bullet.
The sling bullet hits you!
You die...

..#†)...... ..'<)...... ...
..#######.. ####.. ########
#....# #......# #....#
'......# #....# #......#
#....#
#..###############....######
#..######.#.....@..........#
#.........'................#
#.........#[...............#
###########................#
. ........########'#####..
........#.........'..+
........#........@#..#
........##+####.§.#..#
........# #..##..#


You could see Joseph.

Vanquished Creatures
  A troll (D:7)
  2 water moccasins (D:6)
  An ogre (D:4)
  A centaur (D:6)
  A bullfrog (D:6)
  A scorpion (D:6)
  5 hounds
  An orc priest (D:7)
  A jelly (D:4)
  A sleepcap (D:4)
  2 iguanas
  Ijyb (D:5)
  An orc wizard (D:7)
  3 gnolls (D:3)
  An adder (D:6)
  A shadow imp (D:6)
  A white imp (D:5)
  2 dart slugs
  3 ribbon worms
  3 orcs
  7 ball pythons
  10 endoplasms
  5 giant cockroaches
  8 hobgoblins
  6 jackals
  5 kobolds
  2 quokkas
  9 bats
  6 frilled lizards
  10 goblins
  6 rats
107 creatures vanquished.

Notes
Turn   | Place    | Note
-------+----------+-------------------------------------------
     0 | D:1      | smashvw the Draconian Air Elementalist began the quest for
                  | the Orb.
     0 | D:1      | Reached XP level 1. HP: 14/14 MP: 3/3
   220 | D:1      | Reached XP level 2. HP: 19/20 MP: 0/5
   531 | D:1      | Reached XP level 3. HP: 26/26 MP: 2/6
  1354 | D:2      | Reached skill level 1 in Fighting
  1458 | D:2      | Found Nizunovo's Vocational Training.
  1495 | D:2      | Reached skill level 1 in Unarmed Combat
  1733 | D:2      | Found a faded altar of an unknown god.
  2198 | D:3      | Reached XP level 4. HP: 35/35 MP: 5/8
  2376 | D:3      | Reached skill level 3 in Spellcasting
  3056 | D:4      | Reached XP level 5. HP: 16/41 MP: 5/9
  3159 | D:4      | Noticed an ogre
  3170 | D:4      | Killed an ogre
  3276 | D:4      | Reached XP level 6. HP: 50/50 MP: 3/11
  3409 | D:4      | Found a transporter.
  3592 | D:4      | Found a transporter.
  3594 | D:4      | Noticed inkslinger's ghost (amateur MDFi)
  3653 | D:4      | Found a staircase to the Ecumenical Temple.
  3659 | Temple   | Entered the Ecumenical Temple
  3753 | Temple   | Became a worshipper of Vehumet
  4164 | D:5      | Entered Level 5 of the Dungeon
  4209 | D:5      | Noticed Ijyb
  4221 | D:5      | Killed Ijyb
  4352 | D:5      | Found Emuoq's Magic Scroll Shoppe.
  4429 | D:5      | Bought a scroll of blinking for 75 gold pieces
  4429 | D:5      | Bought a scroll of identify for 20 gold pieces
  4458 | D:5      | Reached skill level 4 in Spellcasting
  4835 | D:6      | Noticed a water moccasin
  4845 | D:6      | Gained mutation: You do not regenerate when monsters are
                  | visible. [potion of mutation]
  4848 | D:6      | HP: 2/51 [poisoned by a water moccasin]
  4947 | D:6      | Killed a water moccasin
  4948 | D:6      | Reached skill level 5 in Air Magic
  4948 | D:6      | Your scales start taking on a rich purple colour.
  4948 | D:6      | Reached skill level 5 in Spellcasting
  4948 | D:6      | Reached XP level 7. HP: 5/58 MP: 3/14
  4951 | D:6      | HP: 2/58 [poisoned by a water moccasin]
  5150 | D:6      | Identified the +9 short sword of Iptocro {flame, rF+ Str+2
                  | Dex+2}
  5236 | D:6      | Reached skill level 1 in Hexes
  5236 | D:6      | Reached skill level 1 in Evocations
  5312 | D:6      | Learned a level 2 spell: Static Discharge
  5595 | D:6      | Found an ancient bone altar of Kikubaaqudgha.
  5892 | D:7      | Noticed a troll
  5899 | D:7      | Killed a troll
  5899 | D:7      | HP: 1/60 [/static electricity (3)]
  5900 | D:7      | Reached skill level 6 in Spellcasting
  5900 | D:7      | Reached XP level 8. HP: 2/67 MP: 2/17
  6125 | D:7      | Noticed Joseph
  6141 | D:7      | Shot with a sling bullet by Joseph

Illustrated notes

Levels and vault maps discovered:
D:1:      ncdulo_smallfort, layout_basic, minmay_surrounded
D:2:      layout_basic, shapermc_ecumenical_altar_flowoftime,
          nicolae_shop_vocational
D:3:      kennysheep_six_static_rooms, layout_rooms
D:4:      layout_loops_ring, temple_fountains, gammafunk_ghost_mausoleum
D:5:      layout_basic, serial_shops, shop, uniq_ijyb
D:6:      layout_rooms, mainiacjoe_overflow_surrounded_room
D:7:      layout_gridville, minmay_misc_feat_square, uniq_joseph
Temple:   mainiacjoe_temple_cubbyholes

Skill      XL: |  1  2  3  4  5  6  7 |
---------------+----------------------+-----
Fighting       | 1 2 3 4 |  4.9
Unarmed Combat | 1 2 |  2.5
Spellcasting   | 3 5 6 |  6.0
Air Magic      | 4 5 |  5.8
Hexes          | 2 |  2.7
Evocations     | 2 |  2.7
Dodging        | |  1.7
Stealth        | |  1.7
Conjurations   | |  1.0

Action                     |  1- 3 |  4- 6 |  7- 9 || total
---------------------------+-------+-------+-------++-------
  Melee: Unarmed           |    34 |       |       ||    34
         Tailslap          |     9 |     5 |     1 ||    15
         Punch             |     2 |       |       ||     2
         Dagger            |    27 |    62 |       ||    89
         Short sword       |       |       |    23 ||    23
   Cast: Shock             |    81 |   106 |    14 ||   201
         Static Discharge  |       |       |    19 ||    19
  Evoke: Wand              |       |     1 |       ||     1
    Use: Scroll            |       |     9 |     1 ||    10
         Potion            |       |     4 |     1 ||     5
   Stab: Sleeping          |     1 |     4 |       ||     5
 Armour: Skin              |    42 |    63 |    58 ||   163
  Dodge: Dodged            |    49 |    68 |    39 ||   156

Table legend: (Time is in decaauts)
 A = Elapsed time spent in this place.
 B = Non-inter-level travel time spent in this place.
 C = Inter-level travel time spent in this place.
 D = Time resting spent in this place.
 E = Time spent auto-exploring this place.
 F = Levels seen in this place.
 G = Mean time per level.
                   A        B        C        D        E       F      G
               +--------+--------+--------+--------+--------+-----+--------+
         Total |   6135 |   5903 |    232 |    235 |   4822 |   8 |  766.9 |
       Dungeon |   6010 |   5848 |    162 |    235 |   4822 |   7 |  858.6 |
        Temple |    124 |     54 |     70 |      0 |      0 |   1 |  124.0 |
               +--------+--------+--------+--------+--------+-----+--------+

Top non-repeatable levels by time:
     D:1: 1217 daAuts
     D:4: 995 daAuts
     D:2: 975 daAuts
     D:6: 923 daAuts
     D:3: 849 daAuts
     D:5: 670 daAuts
     D:7: 378 daAuts
  Temple: 124 daAuts
